 Dungeon Crawl Stone Soup version 0.31-a0-538-gbc85326fa9 (webtiles) character file.

Game seed: 15540251924500891050

231 Zonian the Ruffian (level 6, -3/41 HPs)
             Began as an Octopode Shapeshifter on Aug 13, 2023.
             Slain by a gnoll bouda
             ... wielding a +0 whip
              (12 damage)
             ... on level 4 of the Dungeon.
             The game lasted 00:05:33 (2261 turns).

Zonian the Ruffian (Octopode Shapeshifter)          Turns: 2261, Time: 00:05:33

Health: -3/41      AC:  1    Str: 23    XL:     6   Next: 4%
Magic:  6/6        EV: 13    Int: 10    God:
Gold:   138        SH:  0    Dex: 12    Spells: 5/5 levels left

rFire   . . .        s - +0 short sword (venom)
rCold   . . .        (no shield)
rNeg    . . .        (helmet currently unavailable)
rPois   .            w - amulet of regeneration
rElec   .            v - +6 ring of strength
rCorr   .            (no ring)
SInv    .            (no ring)
Will    .....        (no ring)
Stlth   +++          (no ring)
HPRegen 1.06/turn    (no ring)
MPRegen 0.10/turn    (no ring)
                     (no ring)

%: no passive effects
@: beast-form
A: beast (slay +2), almost no armour, amphibious, 8 rings, camouflage 1,
gelatinous body 1, (nimble swimmer 1), tentacles
a: Begin Untransformation


You were on level 4 of the Dungeon.
You were a hulking beast.
You visited 1 branch of the dungeon, and saw 4 of its levels.

You collected 138 gold pieces.

Inventory:

Hand Weapons
 m - a +0 short sword
 p - a +0 dagger of draining
 s - a +0 short sword of venom (weapon)
 u - a +2 vampiric short sword
Jewellery
 v - a +6 ring of strength (left tentacle)
 w - an amulet of regeneration (around mantle)
 x - a ring of protection from cold
Talismans
 b - a beast talisman (active)
 c - a flux talisman
Scrolls
 d - a scroll of poison {unknown}
 e - a scroll of enchant weapon {unknown}
 f - a scroll of vulnerability {unknown}
 h - 2 scrolls of fog {unknown}
 l - a scroll of fear {unknown}
 n - 3 scrolls of teleportation {unknown}
 r - 3 scrolls of amnesia {unknown}
 t - a scroll of identify {unknown}
Potions
 a - 3 potions of lignification
 g - a potion of cancellation {unknown}
 i - a potion of degeneration {unknown}
 j - a potion of ambrosia {unknown}
 k - 2 potions of haste {unknown}
 o - a potion of attraction {unknown}
 q - a potion of brilliance {unknown}


   Skills:
 + Level 2.9 Fighting
 - Level 2.2 Dodging
 + Level 3.5 Stealth
 + Level 4.1 Unarmed Combat
 + Level 3.8 Shapeshifting


You had 5 spell levels left.
You didn't know any spells.
Your spell library was empty.

Dungeon Overview and Level Annotations

Branches:
Dungeon (4/15)
 Temple: D:4-7

Altars:
Okawaru
Xom

Annotations:
D:2 1 runed translucent door, Crazy Yiuf


Innate Abilities, Weirdness & Mutations

You are a hulking beast.
Your limbs bulge with bestial killing power. (Slay +2)
You cannot wear most types of armour.
You are amphibious.
You can wear up to eight rings at the same time.
Your skin changes colour to match your surroundings (Stealth+).
Your rubbery body absorbs attacks. (AC +1, EV +1)
((You are camouflaged when in or above water. (Stealth+)))
You have tentacles for arms and can constrict up to eight enemies at once.


Message History

The gnoll bouda gazes fiercely through you!
You feel your attacks grow feeble.
You see here a +0 club.
Things that are here:
a +0 whip; a +0 leather armour; a gnoll corpse A scorpion comes into view.
Your attacks no longer feel as feeble.
A kobold comes into view.
It is wielding a +0 short sword and quivering poisoned darts.
The kobold moves out of view.
You barely miss the gnoll. Your grab misses the gnoll.
You hit the gnoll but do no damage.
The gnoll is poisoned.
You grab the gnoll. You constrict the gnoll. The gnoll hits you with a +0 club.
The gnoll barely misses you.
The gnoll bouda calls upon its god to heal the gnoll.
The gnoll's wounds heal themselves!
Unknown command.
You hit the gnoll but do no damage.
The gnoll looks even sicker.
You squeeze the gnoll.
The gnoll is moderately wounded.
You constrict the gnoll. The gnoll hits you with a +0 club.
Unknown command.
You hit the gnoll but do no damage.
The gnoll looks as sick as possible!
The gnoll is almost dead.
You constrict the gnoll, but do no damage.
You kill the gnoll!
The gnoll hits you with a +0 club.
You have reached level 6!
The gnoll hits you with a +0 club!
The gnoll bouda attacks as you move away!
The gnoll bouda hits you with a +0 whip!
* * * LOW HITPOINT WARNING * * *
Unknown command.
Okay, then.
Okay, then.
Okay, then.
The gnoll attacks as you move away! The gnoll hits you with a +0 club.
* * * LOW HITPOINT WARNING * * *
The gnoll bouda attacks as you move away!
The gnoll bouda hits you with a +0 whip!
You die...

......###...# #..
##.......... ...g
####.........### .g..
#......###......####..##
.......##g.##.#))#.....
#.##...##s.##..g.g.....
###.#.......#####..s.....
#........g.g..###........
#.......hg....##.........
#......<.................
#.....)..................
##....)[................#
##......####....)....####
#.....[..###....)...##.#.
...##..##..##.............
.................♣.♣......
......................##..


You could see a gnoll bouda, a scorpion and 3 gnolls.

Vanquished Creatures
  An iguana (D:4)
  Terence (D:2)
  2 gnolls (D:4)
  6 adders
  A worm (D:4)
  A dart slug (D:3)
  7 orcs
  11 endoplasms
  6 giant cockroaches
  10 goblins
  4 hobgoblins
  5 jackals (D:1)
  10 kobolds
  3 quokkas
  9 ball pythons
  4 bats
  2 frilled lizards
  7 rats
90 creatures vanquished.

Notes
Turn   | Place    | Note
-------+----------+-------------------------------------------
     0 | D:1      | Zonian the Octopode Shapeshifter began the quest for the
                  | Orb.
     0 | D:1      | Reached XP level 1. HP: 13/13 MP: 1/1
    41 | D:1      | Reached XP level 2. HP: 15/18 MP: 2/2
   345 | D:1      | Reached XP level 3. HP: 23/23 MP: 3/3
   407 | D:1      | Reached skill level 1 in Stealth
   732 | D:2      | Reached XP level 4. HP: 22/29 MP: 4/4
   809 | D:2      | Noticed Terence
   817 | D:2      | Killed Terence
   942 | D:2      | Found a runed translucent door.
   943 | D:2      | Noticed Crazy Yiuf
  1155 | D:3      | Found an iron altar of Okawaru.
  1180 | D:3      | Found a shimmering altar of Xom.
  1245 | D:3      | Reached XP level 5. HP: 34/35 MP: 5/5
  1778 | D:4      | Reached skill level 4 in Unarmed Combat
  1974 | D:4      | Noticed an ogre
  2259 | D:4      | Reached XP level 6. HP: 32/41 MP: 6/6
  2261 | D:4      | Slain by a gnoll bouda

Illustrated notes

Levels and vault maps discovered:
D:1:      ncdulo_halloftheorcs, layout_rooms, minmay_cupped
D:2:      layout_rooms, minmay_surrounded, uniq_terence, uniq_crazy_yiuf_cottage
D:3:      layout_loops_cross, general_overflow_altar,
          mainiacjoe_overflow_small_starburst
D:4:      layout_cave_pools, serial_park, serial_park_fountain,
          serial_park_tiny_pond, serial_park_square2, serial_park_square3
          [serial_park_minivault_5x5_2], uniq_ijyb

Skill      XL: |  1  2  3  4  5 |
---------------+----------------+-----
Stealth        | 1 2 3 |  3.5
Fighting       | 2 |  2.9
Unarmed Combat | 4 |  4.1
Dodging        | |  2.2
Shapeshifting  | |  3.8

Action                     |  1- 3 |  4- 6 || total
---------------------------+-------+-------++-------
  Melee: Unarmed           |    61 |    34 ||    95
         Tentacles         |    13 |    26 ||    39
         Constrict         |    13 |    28 ||    41
         Punch             |     1 |     4 ||     5
         Short sword       |       |    55 ||    55
         Dagger            |       |     8 ||     8
   Stab: Sleeping          |     7 |     7 ||    14
 Armour: Skin              |     6 |     3 ||     9
  Dodge: Dodged            |    40 |    49 ||    89

Table legend: (Time is in decaauts)
 A = Elapsed time spent in this place.
 B = Non-inter-level travel time spent in this place.
 C = Inter-level travel time spent in this place.
 D = Time resting spent in this place.
 E = Time spent auto-exploring this place.
 F = Levels seen in this place.
 G = Mean time per level.
                   A        B        C        D        E       F      G
               +--------+--------+--------+--------+--------+-----+--------+
         Total |   2255 |   2195 |     60 |    342 |   1239 |   4 |  563.8 |
       Dungeon |   2255 |   2195 |     60 |    342 |   1239 |   4 |  563.8 |
               +--------+--------+--------+--------+--------+-----+--------+

Top non-repeatable levels by time:
     D:3: 713 daAuts
     D:2: 573 daAuts
     D:1: 560 daAuts
     D:4: 407 daAuts
